 Dungeon Crawl Stone Soup version 0.28-a0-895-g6e5f11b (webtiles) character file.

Game seed: 14482307910186867157

116 Dorkslayer the Skirmisher (level 4, -3/35 HPs)
             Began as a Demonspawn Abyssal Knight on Nov 22, 2021.
             Was a Believer of Lugonu.
             Slain by a gnoll (5 damage)
             ... on level 3 of the Dungeon.
             The game lasted 00:07:51 (2556 turns).

Dorkslayer the Skirmisher (DsAK)                    Turns: 2556, Time: 00:07:51

Health: -3/35      AC:  3    Str: 14    XL:     4   Next: 70%
Magic:  5/5        EV: 11    Int: 14    God:    Lugonu [**....]
Gold:   90         SH:  0    Dex: 13    Spells: 3/3 levels left

rFire   + . .      SeeInvis .   a - +1 hand axe
rCold   . . .      Faith    .   (no shield)
rNeg    . . .      Spirit   .   b - +0 leather armour
rPois   .          Reflect  .   (no helmet)
rElec   .          Harm     .   (no cloak)
rCorr   .          Rampage  .   (no gloves)
Will    .....                   (no boots)
Stlth   +.........              (no amulet)
HPRegen 0.11/turn               h - ring of protection from fire
MPRegen 0.09/turn               (no ring)

@: no status effects
A: big brain 1, demonic touch 1
a: Renounce Religion, Depart the Abyss, Bend Space


You were on level 3 of the Dungeon.
You worshipped Lugonu.
Lugonu was pleased with you.
You visited 1 branch of the dungeon, and saw 3 of its levels.
You visited the Abyss 1 time.

You collected 90 gold pieces.

Inventory:

Hand Weapons
 a - a +1 hand axe (weapon)
Missiles
 f - 20 poisoned darts (quivered)
Armour
 b - a +0 leather armour (worn)
Jewellery
 h - a ring of protection from fire (left hand)
Scrolls
 c - a scroll of enchant armour
 d - 4 scrolls of teleportation
Potions
 e - a potion of curing {unknown}


   Skills:
 + Level 3.5 Fighting
 + Level 2.8 Axes
 * Level 1.7 Throwing
 + Level 2.5 Armour
 + Level 1.1 Dodging
 + Level 0.2 Stealth
 + Level 2.4 Invocations


You had 3 spell levels left.
You didn't know any spells.
Your spell library contained the following spells:

 Spells                   Type           Power      Damage    Failure   Level
 Beastly Appendage        Tmut           0%         N/A       34%         1
 Pain                     Necr           0%         1d4       34%         1
 Shock                    Conj/Air       0%         1d3       34%         1
 Sting                    Tmut/Pois      0%         1d3       34%         1
 Blink                    Tloc           0%         N/A       47%         2
 Poisonous Vapours        Pois/Air       0%         N/A       47%         2
 Wereblood                Tmut           0%         N/A       47%         2
 Dazzling Flash           Conj/Hex       0%         N/A       71%         3
 Gell's Gravitas          Tloc           0%         N/A       71%         3
 Lesser Beckoning         Tloc           0%         N/A       71%         3
 Ozocubu's Armour         Ice            0%         N/A       71%         3
 Spider Form              Tmut/Pois      0%         N/A       71%         3
 Swiftness                Air            0%         N/A       71%         3
 Teleport Other           Tloc           0%         N/A       71%         3
 Airstrike                Air            0%         N/A       98%         4
 Iskenderun's Mystic Bla  Conj/Tloc      0%         2d3       98%         4
 Olgreb's Toxic Radiance  Pois           0%         N/A       98%         4
 Agony                    Necr           0%         N/A       100%        5
 Excruciating Wounds      Necr           0%         N/A       100%        5
 Manifold Assault         Tloc           0%         N/A       100%        5
 Metabolic Englaciation   Hex/Ice        0%         N/A       100%        5
 Dispersal                Tloc           0%         N/A       100%        6
 Simulacrum               Ice/Necr       0%         N/A       100%        6
 Starburst                Conj/Fire      0%         6d3       100%        6


Dungeon Overview and Level Annotations

Branches:
Dungeon (3/15)

Altars:


Innate Abilities, Weirdness & Mutations

You have an unusually large brain. (Int +2)
Your touch may inflict minor irresistible damage on your foes.


Message History

Your bat hits the gnoll shaman but does no damage.
The gnoll shaman hits your bat with a +0 club!
Your bat dies!
Your bat's corpse dissolves into shadows!
Something closely misses your quokka.
Your quokka barely misses the gnoll shaman.
The gnoll shaman closely misses your quokka.
Your quokka bites the gnoll shaman.
The gnoll shaman barely misses your quokka.
Your quokka bites the gnoll shaman.
The gnoll shaman hits your quokka with a +0 club.
Your quokka bites the gnoll shaman.
The gnoll shaman dies!
Lugonu accepts your kill.
Your quokka bites the gnoll but does no damage.
The gnoll barely misses you.
Your quokka bites the gnoll.
The gnoll closely misses you.
Your quokka closely misses the gnoll.
The gnoll hits you from afar with a +0 spear.
Your quokka barely misses the gnoll.
Your quokka closely misses the gnoll.
The gnoll hits you but does no damage.
Your quokka barely misses the gnoll.
The gnoll hits you from afar with a +0 spear.
Your quokka bites the gnoll.
The gnoll hits your quokka with a +0 spear.
Your quokka dies!
Your quokka's corpse dissolves into shadows!
Throw: 21 darts (poison)
Press: ? - help, Q - select action, (/) - cycle Shift-Dir - straight line, f - gnoll
Aim: a gnoll, wielding a +0 spear (heavily wounded, 61% to hit)
You throw a poisoned dart. The poisoned dart hits the gnoll.
The gnoll is heavily wounded.
The gnoll hits you from afar with a +0 spear.
The gnoll hits you with a +0 spear!
* * * LOW HITPOINT WARNING * * *
You hit the gnoll but do no damage.
You touch the gnoll.
The gnoll is severely wounded.
You are no longer glowing.
The gnoll hits you with a +0 spear.
You die...

#(# #..... #.#
####.## #)#
#..†... #.#
#.##.## #)#
#.##... #g#
#.####. #.#
#.####. #.######
#...... #.g@...#
######. ######.##
#########.
##...###.......#.
##.....##.#####.#.
#.......#.#####.#.
##................
##...###.#####.##
##.## #.......#
### #########


You could see a gnoll.

Vanquished Creatures
  3 gnolls (D:3)
  A worm (D:2)
  A dart slug (D:1)
  An orc (D:3)
  7 ball pythons
  4 endoplasms
  2 giant cockroaches (D:1)
  5 hobgoblins
  6 jackals
  A kobold (D:3)
  5 quokkas
  2 bats
  7 frilled lizards
  2 goblins
  4 rats
51 creatures vanquished.

Vanquished Creatures (collateral kills)
  A gnoll shaman (D:3)
1 creature vanquished.

Vanquished Creatures (others)
  5 plants (D:2)
5 creatures vanquished.

Grand Total: 57 creatures vanquished

Notes
Turn   | Place    | Note
-------+----------+-------------------------------------------
     0 | Abyss:1  | Dorkslayer the Demonspawn Abyssal Knight began the quest
                  | for the Orb.
     0 | Abyss:1  | Reached XP level 1. HP: 18/18 MP: 2/2
    69 | Abyss:2  | Found a corrupted altar of Lugonu.
    86 | Abyss:2  | Noticed a hell hog
    86 | Abyss:2  | Noticed a hell hog
    87 | D:1      | Escaped the Abyss
   174 | D:1      | Gained mutation: Your touch may inflict minor irresistible
                  | damage on your foes. [demonic ancestry]
   174 | D:1      | Reached XP level 2. HP: 23/24 MP: 3/3
   314 | D:1      | Reached * piety under Lugonu
   370 | D:1      | Reached skill level 1 in Dodging
   603 | D:1      | You fall into a shaft and drop 1 floor!
  1248 | D:1      | Gained mutation: You have an unusually large brain. (Int
                  | +2) [demonic ancestry]
  1248 | D:1      | Reached XP level 3. HP: 29/29 MP: 4/4
  2101 | D:3      | Reached skill level 1 in Throwing
  2379 | D:3      | Reached ** piety under Lugonu
  2536 | D:3      | Reached XP level 4. HP: 35/35 MP: 5/5
  2556 | D:3      | Slain by a gnoll

Illustrated notes

Levels and vault maps discovered:
D:1:      minmay_arrival_glassed_features, layout_basic, minmay_curled_crystal,
          kennysheep_minor_cross, hangedman_abyss_or_decor_stabs,
          corexii_item_surrounded_by_moat, minmay_misc_feat_nine_boxes
D:2:      layout_rooms, minmay_lizard_king
D:3:      layout_loops_cross

Skill      XL: |  1  2  3 |
---------------+----------+-----
Armour         | 2 |  2.5
Axes           | 2 |  2.8
Dodging        | 1 |  1.1
Throwing       | 1 |  1.7
Fighting       | |  3.5
Stealth        | |  0.2
Invocations    | |  2.4

Action                   |  1- 3 |  4- 6 || total
-------------------------+-------+-------++-------
Melee: Hand axe          |   111 |     1 ||   112
       Touch             |    19 |     1 ||    20
Throw: Dart              |    15 |     1 ||    16
       Javelin           |     2 |     3 ||     5
Invok: Depart the Abyss  |     1 |       ||     1
  Use: Scroll            |     5 |     1 ||     6
 Stab: Sleeping          |     1 |       ||     1
Armor: Leather armour    |    29 |     1 ||    30
Dodge: Dodged            |    68 |     4 ||    72

Table legend: (Time is in decaauts)
 A = Elapsed time spent in this place.
 B = Non-inter-level travel time spent in this place.
 C = Inter-level travel time spent in this place.
 D = Time resting spent in this place.
 E = Time spent auto-exploring this place.
 F = Levels seen in this place.
 G = Mean time per level.
                   A        B        C        D        E       F      G
               +--------+--------+--------+--------+--------+-----+--------+
         Total |   2578 |   2578 |      0 |    252 |    993 |   5 |  515.6 |
       Dungeon |   2492 |   2492 |      0 |    252 |    993 |   3 |  830.7 |
         Abyss |     86 |     86 |      0 |      0 |      0 |   2 |   43.0 |
               +--------+--------+--------+--------+--------+-----+--------+

Top non-repeatable levels by time:
     D:1: 1214 daAuts
     D:2: 779 daAuts
     D:3: 497 daAuts
 Abyss:2: 46 daAuts
 Abyss:1: 40 daAuts
